 Dungeon Crawl Stone Soup version 0.28.0-47-ge53b351184 (webtiles) character file.

Game seed: 6864748961497343401

1629 Peloso the Carver (level 8, -3/70 HPs)
             Began as a Minotaur Fighter on May 7, 2022.
             Was a Believer of Okawaru.
             Killed from afar by Maggie (19 damage)
             ... with a bolt of fire
             ... on level 6 of the Dungeon.
             The game lasted 00:08:12 (5377 turns).

Peloso the Carver (Minotaur Fighter)                Turns: 5377, Time: 00:08:13

Health: -3/70      AC: 14    Str: 22    XL:     8   Next: 65%
Magic:  4/7        EV: 11    Int:  1    God:    Okawaru [**....]
Gold:   213        SH:  7    Dex: 16    Spells: 7/7 levels left

rFire   . . .      SeeInvis .   a - +8 long sword "Conservator" {venom, Int-4 Dex+5}
rCold   . . .      Faith    .   c - +0 buckler
rNeg    . . .      Spirit   .   n - +0 chain mail
rPois   .          Reflect  .   (helmet restricted)
rElec   .          Harm     .   h - +0 cloak
rCorr   .          Rampage  .   (no gloves)
Will    .....                   (no boots)
Stlth   ..........              (no amulet)
HPRegen 0.21/turn               (no ring)
MPRegen 0.10/turn               (no ring)

@: heroic, mesmerised
A: horns 2, retaliatory headbutt
a: Renounce Religion, Heroism


You were on level 6 of the Dungeon.
You worshipped Okawaru.
Okawaru was pleased with you.
You visited 2 branches of the dungeon, and saw 7 of its levels.

You collected 213 gold pieces.

Inventory:

Hand Weapons
 a - the +8 long sword "Conservator" (weapon) {venom, Int-4 Dex+5}
   (You took it off a goblin on level 2 of the Dungeon)

   It poisons the flesh of those it strikes.
   Int:       It affects your intelligence (-4).
   Dex:       It affects your dexterity (+5).
 b - a +1 falchion of holy wrath
Armour
 c - a +0 buckler (worn)
 h - a +0 cloak (worn)
 j - a +1 scale mail of cold resistance
 n - a +0 chain mail (worn)
Jewellery
 f - a +4 ring of evasion
 o - an amulet of guardian spirit
 u - an amulet of the acrobat
Wands
 m - a wand of polymorph (9)
Scrolls
 e - a scroll of blinking
 k - a scroll of immolation {unknown}
 p - a scroll of fear {unknown}
 r - a scroll of magic mapping {unknown}
 t - a scroll of identify {unknown}
 v - a scroll of enchant weapon {unknown}
 y - a scroll of teleportation {unknown}
Potions
 d - a potion of might
 g - a potion of heal wounds {unknown}
 i - a potion of flight {unknown}
 l - a potion of attraction {unknown}
 q - a potion of curing
 s - a potion of lignification {unknown}
 w - a potion of haste {unknown}
 x - a potion of brilliance {unknown}


   Skills:
 + Level 6.1(11.1) Fighting
 + Level 8.9(13.9) Long Blades
 + Level 7.8(12.8) Armour
 + Level 2.4(7.4) Dodging
 + Level 1.0(6.0) Stealth
 + Level 5.3(10.3) Shields


You had 7 spell levels left.
You didn't know any spells.
Your spell library contained the following spells:

 Spells                   Type           Power      Damage    Failure   Level
 Blink                    Tloc           0%         N/A       100%        2
 Gell's Gravitas          Tloc           0%         N/A       100%        3
 Lesser Beckoning         Tloc           0%         N/A       100%        3
 Teleport Other           Tloc           0%         N/A       100%        3
 Manifold Assault         Tloc           0%         N/A       100%        5


Dungeon Overview and Level Annotations

Branches:
Dungeon (6/15)             Temple (1/1) D:4

Altars:
Dithmenos
Elyvilon
Fedhas
Makhleb
Okawaru
Qazlal
Sif Muna

Shops:
D:6 !

Annotations:
D:4 3 runed translucent doors, Descartes's ghost, amateur FoWr
D:6 Maggie


Innate Abilities, Weirdness & Mutations

You have a pair of horns on your head.
You reflexively headbutt those who attack you in melee.


Message History

* * * LOW HITPOINT WARNING * * *
You closely miss Maggie.
Maggie is moderately wounded.
Maggie closely misses you.
You hit Maggie.
Maggie looks as sick as possible!
Maggie is moderately wounded.
Maggie hits you with a +2 morningstar of flaming!
* * * LOW HITPOINT WARNING * * *
Maggie burns you.
* * * LOW HITPOINT WARNING * * *
You hit Maggie.
Maggie looks as sick as possible!
Maggie is heavily wounded.
You feel better.
Maggie hits you with a +2 morningstar of flaming!
* * * LOW HITPOINT WARNING * * *
Maggie burns you.
* * * LOW HITPOINT WARNING * * *
You barely miss Maggie.
Maggie is heavily wounded.
Maggie says, "Fear not.
I will immortalize you in the tale of my first kill."
Maggie barely misses you.
You feel better. You block Maggie's attack.
You barely miss Maggie.
Maggie is heavily wounded.
You block Maggie's attack.
You barely miss Maggie.
Maggie is heavily wounded.
You feel like a meek peon again. You block Maggie's attack.
You closely miss Maggie.
Maggie is heavily wounded.
Maggie mumbles some strange words.
Maggie draws you further into her thrall.
You completely miss Maggie. Your headbutt misses Maggie.
Maggie is heavily wounded.
Maggie closely misses you. You furiously retaliate!
You headbutt Maggie.
You gain the combat prowess of a mighty hero.
Maggie casts a spell at you. The bolt of fire hits you!!
You die...

.#### #... ...##########...
#..........#...
#########..........#...
######....)@@.#......@..#...
#...>[#######.#..........$..
#.....#.....#.#...g....##...
#.....#.>.∩.#.g..#..#..)....
#.....#.....#.#g##.g........
#..<..#######.#.##..........
#<).[...........##..........
#...........................
#...........................


You could see Maggie (mesmerising, very poisoned).

Vanquished Creatures
  Menkaure (D:5)
  Eustachio (D:5)
  A water moccasin (D:5)
  Duvessa (D:6)
  An ice beast (D:6)
  An ogre (D:5)
  2 necrophages
  A phantom (D:5)
  Blork the orc (D:6)
  A gnoll sergeant (D:6)
  Dowan (D:6)
  2 orc priests
  A centaur zombie (D:6)
  2 jellies (D:5)
  An iguana (D:5)
  Terence (D:3)
  Ijyb (D:3)
  Natasha (thrice) (D:3)
  2 orc wizards (D:4)
  7 gnolls
  6 adders
  An adder skeleton (D:5)
  2 worms
  4 dart slugs
  11 orcs
  9 bats
  6 endoplasms
  A giant cockroach (D:4)
  5 goblins
  4 hobgoblins
  6 jackals
  3 kobolds
  3 quokkas (D:3)
  9 ball pythons
  2 frilled lizards (D:1)
  6 rats
  A bush (D:1)
111 creatures vanquished.

Vanquished Creatures (others)
  2 plants (D:1)
2 creatures vanquished.

Grand Total: 113 creatures vanquished

Notes
Turn   | Place    | Note
-------+----------+-------------------------------------------
     0 | D:1      | Peloso the Minotaur Fighter began the quest for the Orb.
     0 | D:1      | Reached XP level 1. HP: 19/19 MP: 0/0
   181 | D:1      | Reached XP level 2. HP: 27/27 MP: 1/1
   366 | D:1      | Found a faded altar of an unknown god.
   778 | D:2      | Reached skill level 3 in Long Blades
   786 | D:2      | Reached XP level 3. HP: 21/33 MP: 2/2
  1519 | D:2      | Reached XP level 4. HP: 25/40 MP: 3/3
  2143 | D:2      | Identified the +8 long sword "Conservator" {venom, Int-4
                  | Dex+5}
  2313 | D:3      | Noticed a necrophage
  2321 | D:3      | Killed a necrophage
  2322 | D:3      | Reached skill level 4 in Long Blades
  2322 | D:3      | Reached skill level 5 in Armour
  2322 | D:3      | Reached skill level 1 in Dodging
  2322 | D:3      | Reached XP level 5. HP: 46/47 MP: 4/4
  2384 | D:3      | Noticed Ijyb
  2393 | D:3      | Killed Ijyb
  2511 | D:3      | Noticed Terence
  2526 | D:3      | Killed Terence
  2529 | D:3      | Reached XP level 6. HP: 49/53 MP: 5/5
  2535 | D:3      | Reached skill level 5 in Long Blades
  2562 | D:3      | Noticed Natasha
  2569 | D:3      | Killed Natasha
  2722 | D:3      | Noticed Natasha
  2726 | D:3      | Killed Natasha
  2864 | D:3      | Noticed Natasha
  2871 | D:3      | Killed Natasha
  3147 | D:4      | Found a staircase to the Ecumenical Temple.
  3156 | Temple   | Entered the Ecumenical Temple
  3301 | Temple   | Became a worshipper of Warmaster Okawaru
  3393 | D:4      | Reached skill level 5 in Fighting
  3400 | D:4      | Reached skill level 6 in Long Blades
  3826 | D:4      | Found a runed translucent gate.
  3826 | D:4      | Found a runed translucent gate.
  3827 | D:4      | Found a runed translucent gate.
  3827 | D:4      | Noticed Descartes's ghost (amateur FoWr)
  4048 | D:5      | Entered Level 5 of the Dungeon
  4060 | D:5      | Reached XP level 7. HP: 59/61 MP: 6/6
  4116 | D:5      | Noticed Menkaure
  4124 | D:5      | Killed Menkaure
  4124 | D:5      | Reached * piety under Okawaru
  4125 | D:5      | Reached skill level 7 in Long Blades
  4489 | D:5      | Noticed Eustachio
  4502 | D:5      | Killed Eustachio
  4651 | D:5      | Reached skill level 1 in Stealth
  4651 | D:5      | Reached XP level 8. HP: 69/69 MP: 7/7
  4691 | D:5      | Reached skill level 8 in Long Blades
  4691 | D:5      | Reached skill level 5 in Shields
  5002 | D:6      | Found Lotaopnovesh's Distillery.
  5011 | D:6      | Noticed Dowan
  5013 | D:6      | Noticed Duvessa
  5038 | D:6      | Killed Duvessa
  5038 | D:6      | Reached ** piety under Okawaru
  5267 | D:6      | Killed Dowan
  5327 | D:6      | Noticed Blork the orc
  5329 | D:6      | Noticed Maggie
  5355 | D:6      | Killed Blork the orc
  5377 | D:6      | Killed from afar by Maggie

Illustrated notes

Levels and vault maps discovered:
D:1:      minmay_arrival_floating_metal, layout_basic, serial_forest,
          infiniplex_forest_lined_room_2, infiniplex_forest_clump_long,
          infiniplex_forest_lined_3, infiniplex_forest_clump_C,
          infiniplex_forest_fountain, infiniplex_forest_end_3,
          infiniplex_forest_zigzag_1, infiniplex_forest_clump_curved,
          infiniplex_forest_lined_3, shapermc_ecumenical_altar_ellora,
          lemuel_old_faithful
D:2:      layout_basic
D:3:      layout_basic, minmay_misc_feat_roman, st_stairs_7,
          minmay_crystal_room, uniq_natasha, uniq_ijyb, uniq_terence
D:4:      layout_basic, minmay_temple_entry_ruins, ebering_ghost_rock_garden,
          corner_web_ring, nrook_campfire
D:5:      layout_loops_ring, uniq_menkaure, uniq_eustachio
D:6:      layout_rooms, serial_shops, nicolae_take_the_stairs,
          uniq_blork_the_orc, uniq_maggie, uniq_duvessa
Temple:   mainiacjoe_temple_big_plus

Skill      XL: |  1  2  3  4  5  6  7  8 |
---------------+-------------------------+-----
Fighting       | 4 5 6 |  6.1
Long Blades    | 3 4 6 7 8 |  8.9
Armour         | 4 5 6 7 |  7.8
Dodging        | 1 2 |  2.4
Shields        | 4 5 |  5.3
Stealth        | 1 |  1.0

Action                   |  1- 3 |  4- 6 |  7- 9 || total
-------------------------+-------+-------+-------++-------
Melee: Long sword        |   102 |   108 |    70 ||   280
       Headbutt          |    24 |    15 |    12 ||    51
Invok: Heroism           |       |       |     4 ||     4
  Use: Potion            |     2 |       |     2 ||     4
       Scroll            |       |     2 |       ||     2
Armor: Scale mail        |    49 |    11 |       ||    60
       Chain mail        |       |    45 |    33 ||    78
       Skin              |       |     4 |       ||     4
Dodge: Dodged            |    41 |    39 |    28 ||   108
Block: Buckler           |    13 |    32 |    18 ||    63
